General information
			
			
        
        - name: BNet
 
        - type: Ladder team game (AT/RT)
 
        - host: Battle.net
 
        - saver: Gobiner
 
        
map: Highperch 
        - players: 6
 
        - length: 65:17
 
        - speed: Fast
 - version: 1.22 W3XP
 - replay type:  Public
 
» download(368 KB)
Players
        team 1 (winner) 
              
              
Blahsmack (
red | 34 APM | 2227 actions | 65:03)
              
 6 Blademaster 
 2 Wind Walk
 3 Critical Strike
 1 Bladestorm
 
                » actions 
                
                | Basic commands | 116 |  | 
| Build / train | 74 |  | 
| Enter build submenu | 38 |  | 
| Enter hero's abilities submenu | 6 |  | 
| Give item / drop item | 1 |  | 
| Remove unit from queue | 2 |  | 
| Right click | 1337 |  | 
| Select / deselect | 487 |  | 
| Use ability | 166 |  | 
                2227 total
 » units 
                
                | Peon | 16 |  | 
| Troll Batrider | 9 |  | 
| Shaman | 1 |  | 
| Troll Witch Doctor | 1 |  | 
| Spirit Walker | 1 |  | 
| Wind Rider | 8 |  | 
                36 total
 » upgrades
                
                | Spiked Barricades | 2 |  | 
| Liquid Fire | 1 |  | 
| Shaman Training | 2 |  | 
| Witch Doctor Training | 2 |  | 
| Spirit Walker Training | 3 |  | 
| Troll Regeneration | 1 |  | 
| Reinforced Defenses | 1 |  | 
| Ranged Weapons | 3 |  | 
| Envenomed Spears | 1 |  | 
                16 total
 » buildings
                
                | Orc Burrow | 5 |  | 
| Altar of Storms | 1 |  | 
| War Mill | 1 |  | 
| Watch Tower | 57 |  | 
| Voodoo Lounge | 2 |  | 
| Stronghold | 2 |  | 
| Beastiary | 2 |  | 
| Fortress | 2 |  | 
| Spirit Lodge | 2 |  | 
| Barracks | 1 |  | 
                75 total
 » build order
                00:06 Orc Burrow
00:13 Altar of Storms
00:32 War Mill
01:47 Watch Tower
01:58 Watch Tower
02:20 Watch Tower
02:24 Orc Burrow
03:07 Watch Tower
03:08 Watch Tower
03:21 Watch Tower
03:32 Watch Tower
03:37 Watch Tower
03:43 Watch Tower
04:42 Voodoo Lounge
04:45 Stronghold
04:45 Stronghold
04:51 Watch Tower
04:52 Watch Tower
04:56 Watch Tower
04:58 Watch Tower
05:49 Watch Tower
05:58 Voodoo Lounge
06:05 Orc Burrow
06:06 Orc Burrow
06:13 Watch Tower
06:14 Watch Tower
06:14 Watch Tower
06:15 Watch Tower
06:36 Watch Tower
06:37 Watch Tower
07:09 Watch Tower
07:26 Beastiary
07:28 Beastiary
07:48 Fortress
08:18 Watch Tower
08:18 Watch Tower
08:25 Watch Tower
08:30 Watch Tower
08:42 Watch Tower
09:33 Spirit Lodge
09:35 Spirit Lodge
09:46 Barracks
10:02 Watch Tower
10:17 Watch Tower
10:18 Watch Tower
10:21 Watch Tower
12:53 Watch Tower
12:56 Watch Tower
12:57 Watch Tower
23:30 Watch Tower
23:31 Watch Tower
25:23 Watch Tower
25:27 Watch Tower
25:28 Watch Tower
25:37 Watch Tower
25:39 Watch Tower
25:45 Watch Tower
25:50 Watch Tower
25:54 Watch Tower
26:00 Watch Tower
26:01 Watch Tower
27:44 Watch Tower
27:45 Watch Tower
27:46 Watch Tower
27:47 Watch Tower
27:48 Watch Tower
27:49 Watch Tower
27:52 Watch Tower
29:31 Watch Tower
29:32 Watch Tower
29:34 Watch Tower
29:39 Watch Tower
29:41 Watch Tower
31:25 Orc Burrow
» items
                
                | Staff of Teleportation | 1 |  | 
| Orb of Lightning | 1 |  | 
| Healing Salve | 1 |  | 
| Lesser Clarity Potion | 1 |  | 
| Potion of Mana | 1 |  | 
| Boots of Speed | 1 |  | 
| Scroll of Healing | 1 |  | 
| Potion of Lesser Invulnerability | 1 |  | 
                8 total
  
               
              
              
FatAndBi (
blue | 76 APM | 4938 actions | 65:03)
              
 6 Archmage 
 3 Blizzard
 2 Brilliance Aura
 1 Mass Teleport
 7 Beastmaster 
 3 Summon Quilbeast
 3 Summon Hawk
 1 Summon Bear
 
                » actions 
                
                | Assign group hotkey | 29 |  | 
| Basic commands | 120 |  | 
| Build / train | 109 |  | 
| ESC pressed | 1 |  | 
| Enter build submenu | 56 |  | 
| Enter hero's abilities submenu | 14 |  | 
| Give item / drop item | 8 |  | 
| Remove unit from queue | 1 |  | 
| Right click | 2583 |  | 
| Select / deselect | 837 |  | 
| Select group hotkey | 853 |  | 
| Use ability | 324 |  | 
                4938 total
 » units 
                
                | Peasant | 19 |  | 
| Priest | 2 |  | 
| Sorceress | 2 |  | 
| Dragonhawk Rider | 7 |  | 
                30 total
 » upgrades
                
                | Masonry | 3 |  | 
| Magic Sentry | 1 |  | 
| Lumber Harvesting | 2 |  | 
| Sorceress Training | 2 |  | 
| Priest Training | 2 |  | 
| Swords | 3 |  | 
| Armor | 3 |  | 
| Backpack | 1 |  | 
| Animal War Training | 1 |  | 
| Cloud | 1 |  | 
                19 total
 » buildings
                
                | Altar of Kings | 1 |  | 
| Farm | 23 |  | 
| Scout Tower | 46 |  | 
| Lumber Mill | 1 |  | 
| Arcane Tower | 8 |  | 
| Guard Tower | 14 |  | 
| Keep | 1 |  | 
| Town Hall | 1 |  | 
| Arcane Sanctum | 1 |  | 
| Castle | 1 |  | 
| Gryphon Aviary | 3 |  | 
| Blacksmith | 2 |  | 
| Barracks | 1 |  | 
| Arcane Vault | 1 |  | 
                104 total
 » build order
                00:06 Altar of Kings
00:21 Farm
00:47 Scout Tower
00:59 Lumber Mill
01:15 Arcane Tower
01:22 Farm
01:31 Scout Tower
01:52 Scout Tower
02:12 Guard Tower
02:25 Guard Tower
02:28 Scout Tower
02:50 Scout Tower
04:03 Arcane Tower
04:05 Keep
04:16 Guard Tower
04:19 Scout Tower
04:20 Scout Tower
04:21 Scout Tower
04:23 Scout Tower
04:23 Scout Tower
04:27 Scout Tower
04:28 Scout Tower
05:16 Town Hall
05:20 Arcane Tower
05:22 Guard Tower
05:34 Farm
05:38 Guard Tower
05:43 Arcane Tower
05:46 Scout Tower
05:49 Guard Tower
06:26 Scout Tower
06:27 Scout Tower
06:28 Scout Tower
06:43 Guard Tower
06:54 Scout Tower
07:04 Scout Tower
07:08 Arcane Sanctum
09:04 Arcane Tower
10:15 Scout Tower
10:22 Scout Tower
10:25 Scout Tower
10:26 Scout Tower
10:29 Scout Tower
10:30 Scout Tower
10:31 Scout Tower
10:32 Scout Tower
10:33 Scout Tower
10:34 Scout Tower
10:37 Castle
10:50 Farm
10:57 Guard Tower
11:47 Gryphon Aviary
11:48 Farm
12:05 Blacksmith
12:29 Arcane Tower
12:31 Guard Tower
13:18 Barracks
13:22 Blacksmith
13:48 Arcane Vault
19:16 Gryphon Aviary
19:39 Farm
19:40 Farm
19:41 Farm
19:47 Gryphon Aviary
19:48 Farm
19:50 Farm
19:50 Farm
22:03 Farm
22:04 Farm
28:56 Scout Tower
28:57 Scout Tower
29:08 Scout Tower
29:09 Scout Tower
29:32 Arcane Tower
29:38 Arcane Tower
30:47 Scout Tower
30:51 Scout Tower
30:55 Scout Tower
31:04 Scout Tower
31:06 Scout Tower
31:11 Scout Tower
31:12 Scout Tower
31:17 Scout Tower
31:21 Scout Tower
31:27 Scout Tower
31:28 Scout Tower
31:29 Scout Tower
31:32 Scout Tower
31:34 Scout Tower
31:49 Guard Tower
31:56 Guard Tower
32:23 Guard Tower
32:26 Guard Tower
35:30 Guard Tower
42:32 Farm
42:33 Farm
42:34 Farm
42:34 Farm
42:35 Farm
42:37 Farm
43:01 Farm
43:02 Farm
43:04 Farm
62:01 Farm
» items
                
                | Staff of Teleportation | 2 |  | 
| Boots of Speed | 2 |  | 
| Orb of Lightning | 2 |  | 
| Staff of Sanctuary | 2 |  | 
| Lesser Clarity Potion | 1 |  | 
| Mechanical Critter | 2 |  | 
| Scroll of Town Portal | 1 |  | 
| Tome of Retraining | 1 |  | 
                13 total
  
               
              
              
Gobiner (
pink | 44 APM | 2865 actions | 65:17)
              
 9 Warden 
 3 Shadow Strike
 3 Blink
 3 Fan of Knives
 
                » actions 
                
                | Assign group hotkey | 15 |  | 
| Basic commands | 71 |  | 
| Build / train | 103 |  | 
| Enter build submenu | 22 |  | 
| Enter hero's abilities submenu | 9 |  | 
| Give item / drop item | 6 |  | 
| Right click | 1350 |  | 
| Select / deselect | 339 |  | 
| Select group hotkey | 605 |  | 
| Use ability | 345 |  | 
                2865 total
 » units 
                
                | Wisp | 28 |  | 
| Druid of the Talon | 15 |  | 
| Chimaera | 2 |  | 
| Hippogryph | 18 |  | 
                63 total
 » upgrades
                
                | Ultravision | 1 |  | 
| Nature's Blessing | 1 |  | 
| Backpack | 1 |  | 
| Druid of the Talon Training | 2 |  | 
| Well Spring | 1 |  | 
| Mark of the Talon | 1 |  | 
| Strength of the Wild | 3 |  | 
| Reinforced Hides | 3 |  | 
| Corrosive Breath | 1 |  | 
                14 total
 » buildings
                
                | Altar of Elders | 1 |  | 
| Moon Well | 13 |  | 
| Tree of Ages | 4 |  | 
| Ancient of Wonders | 1 |  | 
| Hunter's Hall | 1 |  | 
| Tree of Eternity | 3 |  | 
| Ancient of Wind | 4 |  | 
| Tree of Life | 2 |  | 
| Chimaera Roost | 2 |  | 
                31 total
 » build order
                00:07 Altar of Elders
00:09 Moon Well
01:04 Moon Well
03:16 Moon Well
03:18 Moon Well
04:05 Moon Well
04:49 Tree of Ages
04:49 Tree of Ages
04:49 Tree of Ages
05:21 Ancient of Wonders
05:26 Hunter's Hall
07:09 Tree of Eternity
07:10 Tree of Eternity
07:10 Tree of Eternity
07:14 Moon Well
07:23 Ancient of Wind
07:30 Ancient of Wind
07:39 Ancient of Wind
07:58 Moon Well
08:00 Moon Well
08:01 Moon Well
08:37 Tree of Life
08:44 Tree of Life
13:52 Moon Well
13:53 Moon Well
13:53 Moon Well
13:54 Moon Well
15:00 Chimaera Roost
15:08 Chimaera Roost
27:02 Ancient of Wind
» items
                
                | Staff of Teleportation | 1 |  | 
| Boots of Speed | 1 |  | 
| Orb of Venom | 1 |  | 
| Lesser Clarity Potion | 2 |  | 
| Healing Salve | 2 |  | 
| Tiny Great Hall | 1 |  | 
                8 total
  
               team 2 (loser) 
              
              
BiNgStEr (
orange | 43 APM | 2671 actions | 62:31)
              
 3 Blood Mage 
 2 Flame Strike
 1 Banish
 
                » actions 
                
                | Assign group hotkey | 12 |  | 
| Basic commands | 2 |  | 
| Build / train | 90 |  | 
| Enter build submenu | 39 |  | 
| Enter hero's abilities submenu | 3 |  | 
| Remove unit from queue | 8 |  | 
| Right click | 1936 |  | 
| Select / deselect | 431 |  | 
| Select group hotkey | 104 |  | 
| Use ability | 46 |  | 
                2671 total
 » units 
                
                | Peasant | 8 |  | 
| Footman | 4 |  | 
| Rifleman | 46 |  | 
| Dragonhawk Rider | 6 |  | 
                64 total
 » upgrades
                
                | Gunpowder | 2 |  | 
| Armor | 2 |  | 
| Long Rifles | 1 |  | 
| Lumber Harvesting | 1 |  | 
                6 total
 » buildings
                
                | Altar of Kings | 1 |  | 
| Farm | 15 |  | 
| Scout Tower | 9 |  | 
| Lumber Mill | 1 |  | 
| Barracks | 3 |  | 
| Guard Tower | 7 |  | 
| Blacksmith | 1 |  | 
| Keep | 1 |  | 
| Gryphon Aviary | 1 |  | 
| Town Hall | 1 |  | 
| Arcane Vault | 1 |  | 
                41 total
 » build order
                00:05 Altar of Kings
00:12 Farm
00:17 Scout Tower
00:57 Lumber Mill
01:03 Barracks
02:10 Guard Tower
03:35 Farm
04:32 Blacksmith
05:29 Farm
06:01 Farm
06:13 Farm
07:00 Keep
07:05 Farm
07:50 Scout Tower
08:25 Barracks
08:27 Guard Tower
09:53 Scout Tower
10:30 Scout Tower
10:40 Farm
11:11 Guard Tower
11:15 Scout Tower
11:42 Farm
12:01 Guard Tower
12:24 Scout Tower
13:06 Farm
13:12 Barracks
14:36 Farm
14:49 Farm
15:20 Farm
15:45 Farm
17:40 Farm
18:59 Gryphon Aviary
22:39 Farm
24:44 Town Hall
27:25 Scout Tower
27:57 Guard Tower
30:44 Scout Tower
30:48 Scout Tower
31:29 Guard Tower
31:31 Guard Tower
48:24 Arcane Vault
 
               
              
              
dugongponebre (
green | 78 APM | 5052 actions | 65:03)
              
 4 Keeper of the Grove 
 1 Force of Nature
 2 Entangling Roots
 1 Thorns Aura
 4 Priestess of the Moon 
 3 Trueshot Aura
 1 Searing Arrows
 
                » actions 
                
                | Assign group hotkey | 32 |  | 
| Basic commands | 618 |  | 
| Build / train | 86 |  | 
| Enter build submenu | 23 |  | 
| Enter hero's abilities submenu | 8 |  | 
| Give item / drop item | 2 |  | 
| Right click | 2962 |  | 
| Select / deselect | 603 |  | 
| Select group hotkey | 662 |  | 
| Use ability | 56 |  | 
                5052 total
 » units 
                
                | Wisp | 27 |  | 
| Archer | 6 |  | 
| Huntress | 5 |  | 
| Dryad | 6 |  | 
| Chimaera | 17 |  | 
                61 total
 » upgrades
                
                | Strength of the Moon | 2 |  | 
| Moon Armor | 2 |  | 
| Strength of the Wild | 2 |  | 
| Reinforced Hides | 1 |  | 
| Corrosive Breath | 1 |  | 
                8 total
 » buildings
                
                | Altar of Elders | 1 |  | 
| Moon Well | 9 |  | 
| Ancient of War | 2 |  | 
| Tree of Ages | 2 |  | 
| Hunter's Hall | 1 |  | 
| Tree of Life | 1 |  | 
| Ancient of Lore | 2 |  | 
| Ancient of Wind | 1 |  | 
| Tree of Eternity | 2 |  | 
| Chimaera Roost | 2 |  | 
                23 total
 » build order
                00:07 Altar of Elders
00:33 Moon Well
01:10 Ancient of War
01:40 Moon Well
02:40 Ancient of War
04:56 Tree of Ages
05:38 Hunter's Hall
07:00 Moon Well
07:30 Moon Well
09:39 Tree of Life
12:35 Ancient of Lore
12:42 Ancient of Lore
13:21 Moon Well
13:29 Moon Well
18:37 Moon Well
18:45 Ancient of Wind
18:48 Tree of Eternity
21:57 Tree of Ages
24:22 Tree of Eternity
26:47 Chimaera Roost
26:58 Chimaera Roost
27:04 Moon Well
27:22 Moon Well
» items
                
                | Scroll of Town Portal | 1 |  | 
| Staff of Teleportation | 1 |  | 
                2 total
  
               
              
              
IFG.Comp(n0ob) (
teal | 54 APM | 3384 actions | 62:26)
              
 1 Blademaster 
 1 Wind Walk
 
                » actions 
                
                | Assign group hotkey | 13 |  | 
| Basic commands | 3 |  | 
| Build / train | 65 |  | 
| Enter build submenu | 59 |  | 
| Enter hero's abilities submenu | 1 |  | 
| Remove unit from queue | 2 |  | 
| Right click | 2591 |  | 
| Select / deselect | 551 |  | 
| Select group hotkey | 18 |  | 
| Use ability | 81 |  | 
                3384 total
 » units 
                
                | Peon | 8 |  | 
| Grunt | 2 |  | 
| Demolisher | 18 |  | 
| Troll Headhunter/Berserker | 7 |  | 
| Troll Batrider | 21 |  | 
                56 total
 » upgrades
                » buildings
                
                | Altar of Storms | 1 |  | 
| Orc Burrow | 6 |  | 
| Barracks | 3 |  | 
| Voodoo Lounge | 1 |  | 
| War Mill | 1 |  | 
| Stronghold | 2 |  | 
| Beastiary | 1 |  | 
| Watch Tower | 37 |  | 
| Great Hall | 1 |  | 
                53 total
 » build order
                00:07 Altar of Storms
00:22 Orc Burrow
00:38 Barracks
01:45 Orc Burrow
01:58 Voodoo Lounge
03:53 War Mill
04:03 Stronghold
06:53 Beastiary
07:03 Orc Burrow
08:33 Watch Tower
08:41 Watch Tower
08:43 Watch Tower
08:49 Watch Tower
08:52 Watch Tower
08:57 Watch Tower
09:53 Orc Burrow
09:59 Watch Tower
10:04 Watch Tower
10:06 Watch Tower
11:10 Watch Tower
13:10 Orc Burrow
13:15 Orc Burrow
16:51 Barracks
17:23 Watch Tower
17:36 Watch Tower
21:23 Watch Tower
21:25 Watch Tower
21:27 Watch Tower
21:31 Watch Tower
22:35 Great Hall
22:40 Watch Tower
23:05 Watch Tower
23:09 Watch Tower
23:14 Watch Tower
24:21 Watch Tower
24:26 Watch Tower
25:57 Stronghold
27:04 Barracks
29:20 Watch Tower
29:23 Watch Tower
29:25 Watch Tower
29:29 Watch Tower
31:06 Watch Tower
31:08 Watch Tower
31:10 Watch Tower
31:12 Watch Tower
34:14 Watch Tower
34:18 Watch Tower
37:12 Watch Tower
38:38 Watch Tower
38:39 Watch Tower
39:53 Watch Tower
55:42 Watch Tower
» items
                
                | Healing Salve | 1 |  | 
| Lesser Clarity Potion | 1 |  | 
| Scroll of Speed | 1 |  | 
                3 total
  
                Chat log
          
(03:42 / Allies) FatAndBi: tt
(03:49 / Allies) FatAndBi: nope
(03:53 / Allies) FatAndBi: haha
(04:00 / All) FatAndBi: good tp
(04:06 / All) IFG.Comp(n0ob): yeah
(05:27 / Allies) FatAndBi: lumb
(12:22 / Allies) FatAndBi: lumb
(16:55 / Allies) FatAndBi: sure
(17:00 / All) IFG.Comp(n0ob): lmao
(17:03 / All) IFG.Comp(n0ob): nice tp
(19:10 / Allies) FatAndBi: who wants this pendant
(19:58 / Allies) FatAndBi: yes
(21:50 / Allies) FatAndBi: nearly 5 bm
(22:36 / Allies) FatAndBi: l  ol
(22:52 / Allies) FatAndBi: we could kill our shit now
(23:56 / Allies) FatAndBi: no my 2nd hero
(24:11 / Allies) FatAndBi: invisi chim
(24:33 / Allies) FatAndBi: im laeving some for them
(26:20 / Allies) FatAndBi: lets kill it off and move up
(27:59 / Allies) FatAndBi: exp for them
(28:15 / All) BiNgStEr: hey its good game
(28:20 / All) FatAndBi: it is tt
(28:20 / All) Gobiner: why
(28:27 / All) Gobiner: our towers died
(28:27 / All) IFG.Comp(n0ob): yeah ima kinda tired Zzz
(28:29 / All) IFG.Comp(n0ob): hahahha
(28:30 / All) BiNgStEr: cause its fun
(28:40 / All) dugongponebre: longest game i ever had
(28:45 / All) BiNgStEr: Lol
(28:49 / All) FatAndBi: it hasnt been an hour yet
(29:46 / Allies) FatAndBi: jesus christ i really want them to see we dont have towers
(29:54 / All) Gobiner: come check our bases
(30:02 / All) dugongponebre: lol
(30:05 / All) BiNgStEr: sure
(30:08 / All) BiNgStEr: why not
(30:17 / All) FatAndBi: check our tower lines atleast
(30:23 / All) dugongponebre: im alredy der
(31:42 / All) FatAndBi: we killed off our towers to give you guys a chance no joke
(32:13 / Allies) FatAndBi: jeuss christ they finally check
(32:39 / Allies) FatAndBi: didnt realise we left them items too!
(33:05 / Allies) FatAndBi: god they are awfullllllll
(33:41 / Allies) FatAndBi: jeuss christ
(34:13 / Allies) FatAndBi: they have chims
(36:30 / Allies) FatAndBi: god they are so awful
(38:57 / All) BiNgStEr: whwere is ur army
(39:04 / All) Gobiner: what ar,y
(39:04 / All) Blahsmack: i wasted all my gold
(39:10 / All) IFG.Comp(n0ob): yeah
(39:12 / All) Blahsmack: on towers
(39:12 / All) IFG.Comp(n0ob): right
(39:15 / All) BiNgStEr: wtf
(39:21 / All) Blahsmack: my allies are noobs
(39:27 / All) BiNgStEr: i tought u gguys have lots of army
(39:32 / All) FatAndBi: how?
(39:35 / All) FatAndBi: we built towers
(40:27 / Allies) FatAndBi: jesus they build more demoes
(41:10 / Allies) FatAndBi: yeah
(41:11 / All) BiNgStEr: dats right run pussy
(41:32 / Allies) FatAndBi: i dont think hes going to make it tbh
(41:35 / Allies) FatAndBi: they are getting closer
(41:58 / Allies) FatAndBi: he lives
(42:04 / Allies) FatAndBi: hahaha FUCK
(42:12 / All) BiNgStEr: lol u guys suck
(42:21 / All) FatAndBi: we killed our towers off fyi
(42:35 / All) BiNgStEr: well its good game
(42:37 / All) BiNgStEr: very 
(42:38 / All) IFG.Comp(n0ob): b
(42:39 / Allies) FatAndBi: i am
(42:45 / All) Blahsmack: noob allies
(42:51 / All) Blahsmack: wtf u sed this would work
(43:02 / All) BiNgStEr: well were pinoy
(43:06 / All) Blahsmack: u fukcing noovbs im never playing with u again
(43:06 / All) BiNgStEr: we dont lose
(43:08 / All) IFG.Comp(n0ob): yeah right u guys probly have alot of armys
(43:19 / All) Gobiner: what is pinoy
(43:26 / All) BiNgStEr: pilippino
(43:29 / All) FatAndBi: some kind of fucking gook
(43:30 / All) BiNgStEr: phillipines
(43:46 / Allies) FatAndBi: yes ive got enough
(44:00 / Allies) FatAndBi: no
(44:34 / Allies) FatAndBi: i think orange keeps building more rifles
(44:58 / All) FatAndBi: guys i left some gold in my expo for you so you might have a slight chance
(45:41 / All) BiNgStEr: wth
(45:45 / All) Gobiner: what
(45:51 / All) FatAndBi: wth indeed
(45:58 / All) BiNgStEr: Y IS NOT OVER YET
(46:05 / Allies) FatAndBi: haha
(46:31 / All) BiNgStEr: ARMY SCATTER
(47:18 / All) Gobiner: I give you hint
(47:19 / Allies) FatAndBi: god they are awful
(47:23 / All) Gobiner: look at the other mountain
(47:25 / Allies) FatAndBi: lol
(47:30 / All) FatAndBi: wrong side guys
(47:35 / All) BiNgStEr: SO WERE PLAYING HIDE AND SEEK
(47:39 / All) BiNgStEr: ILL FIND
(47:41 / All) IFG.Comp(n0ob): hahaha
(48:18 / Allies) FatAndBi: invisichim that can attack air and moves quick
(48:20 / Allies) FatAndBi: also truesight
(48:35 / Allies) FatAndBi: average speed v slow
(48:38 / Allies) FatAndBi: its more than half
(48:57 / Allies) FatAndBi: a lil bit more
(49:10 / Allies) FatAndBi: only when full
(49:18 / All) IFG.Comp(n0ob): how u guys get up there
(49:25 / All) Blahsmack: the zepplin
(49:27 / All) Blahsmack: shop
(49:32 / All) BiNgStEr: FUCKING AIR TRANSPORT
(49:36 / Allies) FatAndBi: haha
(49:45 / Allies) FatAndBi: watch him banish himself
(49:47 / Allies) FatAndBi: l o l
(50:11 / Allies) FatAndBi: dot dot dot
(50:18 / All) FatAndBi: my expo isnt empty you noobs
(50:19 / All) FatAndBi: mine it
(51:25 / All) FatAndBi: rifles arent good units fyi
(51:57 / All) BiNgStEr: S
(52:00 / Allies) FatAndBi: hes not even tier 3
(52:05 / Allies) FatAndBi: he doesnt have cloud
(52:17 / Allies) FatAndBi: they are so awful they will never come close
(52:50 / Allies) FatAndBi: want to kill off our perch move the treants in somewhere they can find them
(52:52 / Allies) FatAndBi: and play dota
(53:11 / Allies) FatAndBi: defense of the ancients
(53:15 / Allies) FatAndBi: we lose without ancients
(53:16 / Allies) FatAndBi: no
(53:17 / Allies) FatAndBi: no
(53:18 / Allies) FatAndBi: no
(53:28 / Allies) FatAndBi: tbh they have nothing left its pointless
(53:46 / All) FatAndBi: HEAD HUNTERS
(53:49 / All) FatAndBi: DO NOT FLY
(54:24 / All) Gobiner: if you aren't even going to try to win please leave thanks
(54:32 / All) FatAndBi: new game mode: we have 3 ancients on the ground
(54:37 / All) FatAndBi: if you kill them we will quit
(54:44 / All) FatAndBi: i call it defence of the ancients
(55:17 / All) IFG.Comp(n0ob): actually ima eating right now while playing
(55:21 / All) IFG.Comp(n0ob): i mean watching u guys
(55:22 / All) FatAndBi: heres a hint: they are all on the bottom half of the map
(55:28 / All) FatAndBi: but they are on the move
(55:53 / All) IFG.Comp(n0ob): hahahha
(55:58 / All) IFG.Comp(n0ob): u guys want some food
(56:00 / All) Gobiner: yes
(56:03 / All) IFG.Comp(n0ob): im eating right now
(56:07 / All) BiNgStEr: HOW DA FUCK U GUYS GOT INTHERE
(56:10 / All) FatAndBi: i would say yes but you're prob eating dicks
(56:16 / All) IFG.Comp(n0ob): eating me a sandwhich while on youtube
(56:23 / All) IFG.Comp(n0ob): rofl
(56:57 / All) IFG.Comp(n0ob): punta kayu sa base ko
(57:13 / Allies) FatAndBi: i sdouhld get some big bashing bears
(57:20 / All) FatAndBi: the treans are in the left lane
(58:17 / All) FatAndBi: the treants are at greens old base
(58:28 / All) IFG.Comp(n0ob): stfu no one talkin to ur aggly ass bitch
(58:34 / All) FatAndBi: wow
(58:35 / All) dugongponebre: lol
(58:40 / All) Blahsmack: manners please
(60:17 / All) Gobiner: we win
(60:25 / All) Gobiner: ancients arrived safely at other side of map
(61:01 / Allies) FatAndBi: never fyi
(61:30 / Allies) FatAndBi: i staffed
(61:39 / All) BiNgStEr: gg
(61:44 / All) FatAndBi: 2ez for a gg
(61:48 / All) FatAndBi: you are noob flips
(61:50 / All) Blahsmack: vg
(61:53 / All) IFG.Comp(n0ob): rofl
(61:55 / All) Blahsmack: vb
(61:56 / All) IFG.Comp(n0ob): wer not flips
(61:59 / All) BiNgStEr: next time
(62:03 / All) BiNgStEr: flips
(62:06 / All) BiNgStEr: wtf
(62:06 / All) Gobiner: I'm mining your gold
(62:07 / All) Gobiner: nubs
(62:08 / All) IFG.Comp(n0ob): u guys play DOTA?????
(62:08 / All) Blahsmack: wont be a next time
(62:11 / All) BiNgStEr: is that a word
(62:14 / All) Gobiner: DoTa?
(62:15 / All) IFG.Comp(n0ob): u guys play dota
(62:18 / All) IFG.Comp(n0ob): rofl
(62:22 / Allies) Blahsmack: whats dota
(62:23 / All) IFG.Comp(n0ob): gg
(62:24 / All) IFG.Comp(n0ob): bitchs
(62:25 / All) Blahsmack: whats dota
(62:26 / All) BiNgStEr: well we will find u guys and kill u
(62:28 / All) FatAndBi: 2ez noobs
(62:34 / All) Blahsmack: noobs
(62:35 / All) FatAndBi: noob phlip
(63:15 / Allies) FatAndBi: nearly 7
(63:33 / Allies) FatAndBi: uigh
(64:13 / All) FatAndBi: 2ez noob
(64:19 / All) Blahsmack: drop hacks dont work
(64:21 / All) Blahsmack: this version
(64:25 / All) Blahsmack: noob
(64:32 / Allies) FatAndBi: for reals orrrrrr?
(64:40 / Allies) FatAndBi: YES
(65:02 / Allies) FatAndBi: i want 7